 Dungeon Crawl Stone Soup version 0.18.1-5-g4a78601 (webtiles) character file.

56 Scarto the Ducker (level 3, 0/28 HPs)
             Began as a Demonspawn Gladiator on May 10, 2016.
             Slain by deorigin's ghost (10 damage)
             ... on level 4 of the Dungeon.
             The game lasted 00:02:04 (1347 turns).

Scarto the Ducker (Demonspawn Gladiator)            Turns: 1347, Time: 00:02:04

Health: 0/28       AC:  7    Str: 16    XL:     3   Next: 71%
Magic:  0/3        EV:  7    Int:  9    God:    Xom [..*...]
Gold:   88         SH:  7    Dex: 13    Spells: 0 memorised, 2 levels left

rFire  . . .     SeeInvis .     a - +0 war axe
rCold  . . .     Gourm    .     e - +0 scale mail (curse)
rNeg   . . .     Faith    .     i - +0 shield
rPois  .         Spirit   +     c - +0 helmet
rElec  .         Dismiss  .     (no cloak)
rCorr  .         Reflect  .     (no gloves)
SustAt .         Harm     .     (no boots)
MR     .....                    (no amulet)
Stlth  ..........               (no ring)
                                (no ring)

@: not resistant to hostile enchantments, extremely unstealthy
A: magic shield
a: Renounce Religion


You were on level 4 of the Dungeon.
You worshipped Xom.
You were a toy of Xom.
You were not hungry.

You visited 1 branch of the dungeon, and saw 3 of its levels.

You collected 88 gold pieces.

Inventory:

Hand Weapons
 a - a +0 war axe (weapon)
Missiles
 d - 3 throwing nets (quivered)
Armour
 b - a +0 leather armour
 c - a +0 helmet (worn)
 e - a cursed +0 scale mail (worn)
 i - a +0 shield (worn)
Scrolls
 g - 3 scrolls of identify {unknown}
 j - 2 scrolls of teleportation {unknown}
Potions
 f - a potion of berserk rage {unknown}
 h - a potion of degeneration {unknown}
 k - 2 potions of flight {unknown}
 l - a potion of curing {unknown}


   Skills:
 + Level 2.4 Fighting
 + Level 3.1 Axes
 + Level 1.9 Throwing
 + Level 0.8 Armour
 + Level 3.2 Dodging
 + Level 0.8 Shields


You had 2 spell levels left.
You didn't know any spells.

Dungeon Overview and Level Annotations

Branches:
Dungeon (2/15)

Altars:
Xom
Yredelemnul

Annotations:
D:4 deorigin's ghost, amateur TrMo


Innate Abilities, Weirdness & Mutations

When hurt, damage is shared between your health and your magic reserves.


Message History

Your shield spins!
Deorigin's ghost barely misses you. You block deorigin's ghost's attack.
You barely miss deorigin's ghost.
Deorigin's ghost is lightly damaged.
Deorigin's ghost hits you!
A shower of butterflies erupts from you!
You barely miss deorigin's ghost.
Deorigin's ghost is lightly damaged.
Deorigin's ghost completely misses you. Deorigin's ghost hits you.
You hit deorigin's ghost.
Deorigin's ghost is lightly damaged.
Deorigin's ghost barely misses you.
You hit deorigin's ghost but do no damage.
Deorigin's ghost is lightly damaged.
Deorigin's ghost completely misses you.
You hit deorigin's ghost.
Deorigin's ghost is lightly damaged.
Deorigin's ghost hits you!
You die...
Xom howls with laughter!

... #.#
# #.#
#.#.#
!#.###
.O..#
#W#.##
#@b..#
#....#
#.b..#
#.#.##
%..#.#
#####(#
.# .#
.#


You could see an ogre and deorigin's ghost.

Vanquished Creatures
  An adder (D:2)
  2 dart slugs (D:1)
  3 giant cockroaches
  9 goblins
  4 hobgoblins
  4 jackals (D:1)
  A ball python (D:1)
  5 bats
  3 giant newts (D:1)
  5 kobolds
  5 rats (D:1)
42 creatures vanquished.

Notes
Turn   | Place    | Note
--------------------------------------------------------------
     0 | D:1      | Scarto the Demonspawn Gladiator began the quest for the Orb.
     0 | D:1      | Reached XP level 1. HP: 16/16 MP: 1/1
   168 | D:1      | Gained mutation: When hurt, damage is shared between your health and your magic reserves. [demonic ancestry]
   168 | D:1      | Reached XP level 2. HP: 20/22 MP: 2/2
   459 | D:1      | Reached XP level 3. HP: 23/27 MP: 3/3
   728 | D:2      | Found a basalt altar of Yredelemnul.
   963 | D:2      | HP: 1/28 [poisoned by an adder]
  1313 | D:2      | Found a shimmering altar of Xom.
  1327 | D:2      | Found a shimmering altar of Xom.
  1327 | D:2      | Found a shimmering altar of Xom.
  1328 | D:2      | Found a shimmering altar of Xom.
  1330 | D:2      | Found a shimmering altar of Xom.
  1330 | D:2      | Found a shimmering altar of Xom.
  1332 | D:2      | Became a worshipper of The Xom-Meister, Xom-o-Rama
  1334 | D:2      | You fall through a shaft for 2 floors!
  1334 | D:4      | Noticed deorigin's ghost (amateur TrMo)
  1338 | D:4      | Noticed an ogre
  1342 | D:4      | XOM: silly message
  1343 | D:4      | XOM: butterfly on damage
  1347 | D:4      | Slain by deorigin's ghost

Skill      XL: |  1  2  3 |
---------------+----------+-----
Dodging        | 3 |  3.2
Axes           | 3 |  3.1
Fighting       | |  2.4
Throwing       | |  1.9
Armour         | |  0.8
Shields        | |  0.8

Action                   || total
-------------------------++-------
Melee: War axe           ||   148
  Eat: Bread ration      ||     1
Armor: Scale mail        ||    82
Dodge: Dodged            ||    66
Block: Shield            ||    41
